 Dungeon Crawl Stone Soup version 0.17.0-28-g6e173f8 (webtiles) character file.

89968 M4edhros the Unseen (level 15, -22/76 HPs)
             Began as an Octopode Artificer on Nov 29, 2015.
             Was the Champion of Fedhas.
             Killed from afar by a lich (45 damage)
             ... with a fireball
             ... on level 1 of the Abyss.
             The game lasted 01:35:51 (30436 turns).

M4edhros the Unseen (Octopode Artificer)           Turns: 30436, Time: 01:35:53

Health: -22/76     AC:  8    Str: 10      XL:     15   Next: 99%
Magic:  0/30       EV: 15    Int: 18      God:    Fedhas [******]
Gold:   1073       SH: 11    Dex: 13 (14) Spells: 2 memorised, 19 levels left

rFire  . . .     SeeInvis .     p - +12 quick blade
rCold  . . .     Rnd*Rage +     O - +0 shield {reflect}
rNeg   . . .     SustAt   .     q - +2 hat {Spirit}
rPois  +         Gourm    .     M - amulet of faith
rElec  .         Spirit   +     n - ring of magical power
rCorr  .         Warding  .     w - ring of poison resistance
rMut   .         Stasis   .     F - +2 ring of dexterity
MR     +....                    S - +4 ring of protection
Stlth  +++++++++.               (no ring)
                                (no ring)
                                (no ring)
                                (no ring)

@: somewhat resistant to hostile enchantments, incredibly stealthy
A: almost no armour, amphibious, 8 rings, constrict 8, rugged brown scales 1,
camouflage 1, berserk 1, clumsy 1, deterioration 1, frail 2, low mp 1, weak 1,
wild magic 1, gelatinous body 1, no device heal 1, MP-powered wands
a: Evolution, Sunlight, Growth, Reproduction, Rain, Renounce Religion


You were on level 1 of the Abyss.
You worshipped Fedhas.
Fedhas was exalted by your worship.
You were not hungry.

You visited 4 branches of the dungeon, and saw 27 of its levels.
You visited the Abyss 1 time.
You also visited: Bailey.

You collected 2667 gold pieces.
You spent 1594 gold pieces at shops.

Inventory:

Hand Weapons
 a - a +0 short sword
 c - a +0 blowgun
 i - a +6 hunting sling
 p - a +12 quick blade (weapon)
 s - a +1 dagger of flaming
 L - the +7 mace of the Badger {antimagic, rC++ MR+, unknown}
   (You found it on level 13 of the Dungeon)

   It disrupts the flow of magical energy around spellcasters and certain
   magical creatures (including the wielder).
   It greatly protects you from cold.
   It affects your resistance to hostile enchantments.
 U - the +4 long sword of Fantixze {speed, +Blink rPois Dex+3 SInv, unknown}
   (You found it on level 1 of the Abyss)

   Attacks with this weapon are significantly faster.
   It affects your dexterity (+3).
   It protects you from poison.
   It lets you see invisible.
   It lets you blink.
Missiles
 d - 114 sling bullets
 f - 15 curare-tipped needles
 g - 496 stones (quivered)
Armour
 q - a +2 hat of spirit shield (worn)
 t - a +0 shield
 O - a +0 shield of reflection (worn)
Rods
 A - a +3 rod of clouds (14/14)
   (You acquired it on level 13 of the Dungeon)
Jewellery
 n - a ring of magical power (left tentacle)
 v - an uncursed amulet of warding
 w - a ring of poison resistance (right tentacle)
 B - the ring of Lidwiwko {*Contam rF+ rN+++ Int-2 Dex+2, unknown}
   (You found it on level 12 of the Dungeon)

   [ring of protection from fire]

   It affects your intelligence (-2).
   It affects your dexterity (+2).
   It protects you from fire.
   It renders you almost immune to negative energy.
   It causes magical contamination when unequipped.
 F - a +2 ring of dexterity (on tentacle)
 K - an uncursed amulet of stasis
 M - an amulet of faith (around mantle)
 S - a +4 ring of protection (on tentacle)
Wands
 b - a wand of enslavement (2)
 l - a wand of paralysis (7)
 P - a wand of digging (14)
 W - a wand of flame (27)
 X - a wand of paralysis (2)
Scrolls
 k - 2 scrolls of fog
 r - a scroll of teleportation
 x - 7 scrolls of magic mapping
 C - 2 scrolls of remove curse
 G - a scroll of enchant armour
 I - 3 scrolls of enchant weapon
 Q - 5 scrolls of blinking
 R - a scroll of amnesia
Potions
 m - a potion of agility
 D - a potion of invisibility
 J - 5 potions of curing
 T - a potion of brilliance
Books
 o - a book of Necromancy

   Spells                             Type                      Level
   a - Pain                           Necromancy                   1
   b - Animate Skeleton               Necromancy                   1
   c - Vampiric Draining              Necromancy                   3
   d - Regeneration                   Charms/Necromancy            3
   e - Animate Dead                   Necromancy                   4
   f - Control Undead                 Necromancy                   4
 u - a book of Clouds

   Spells                             Type                      Level
   a - Mephitic Cloud                 Conjuration/Poison/Air       3
   b - Conjure Flame                  Conjuration/Fire             3
   c - Poisonous Cloud                Conjuration/Poison/Air       6
   d - Freezing Cloud                 Conjuration/Ice/Air          6
   e - Ring of Flames                 Charms/Fire                  7
 y - a book of Hinderance

   Spells                             Type                      Level
   a - Confusing Touch                Hexes                        2
   b - Confuse                        Hexes                        3
   c - Gell's Gravitas                Hexes/Translocation          3
   d - Petrify                        Transmutation/Earth          4
   e - Metabolic Englaciation         Hexes/Ice                    5
 H - the Almanac of Translocation
   (You found it on level 12 of the Dungeon)

   Spells                             Type                      Level
   a - Warp Weapon                    Charms/Translocation         5
   b - Summon Forest                  Summoning/Translocation      5
   c - Phase Shift                    Translocation                5
Miscellaneous
 N - a phial of floods (inert)
Comestibles
 e - 5 bread rations
 h - 18 fruits
 z - a meat ration


   Skills:
 - Level 5.0 Fighting
 - Level 8.2 Short Blades
 - Level 8.2 Slings
 + Level 8.3 Dodging
 + Level 18.3 Stealth
 + Level 11.2 Shields
 + Level 5.6 Spellcasting
 - Level 3.1 Conjurations
 * Level 3.8 Charms
 * Level 3.7 Necromancy
 - Level 3.5 Air Magic
 - Level 4.0 Poison Magic
 + Level 9.9 Invocations
 + Level 10.3 Evocations


You had 19 spell levels left.
You knew the following spells:

 Your Spells              Type           Power        Failure   Level  Hunger
a - Regeneration          Chrm/Necr      ####......   26%         3    ##.....
b - Mephitic Cloud        Conj/Pois/Air  ####....     26%         3    ##.....


Dungeon Overview and Level Annotations

Branches:
Dungeon (14/15) Temple (1/1) D:5 Lair (8/8) D:8 Swamp (0/4) Lair:4 Spider (0/4) Lair:6 Slime (0/6) Lair:8 Orc (4/4) D:10 Elf (0/3) Orc:4 Vaults (0/5) D:12 D:13

Altars:
Ashenzari
Cheibriados
Dithmenos
Elyvilon
Fedhas
Gozag
Kikubaaqudgha
Makhleb
Nemelex Xobeh
Okawaru
Qazlal
Ru
Sif Muna
Trog
Vehumet
Xom
Yredelemnul
Zin
The Shining One
Beogh

Shops:
D:8 }%   D:9 !   D:12 (   Orc:4 (*%:

Annotations:
D:14 Louise
Lair:1 exclusion: hydra


Innate Abilities, Weirdness & Mutations

You cannot wear most types of armour.
You are amphibious.
You can wear up to eight rings at the same time.
You can use your tentacles to constrict eight enemies at once.
Your skin changes colour to match your surroundings (Stealth).
Your rubbery body absorbs attacks (AC +1).
You are partially covered in rugged brown scales (AC +1, +3% HP).
You are clumsy. (Dex -2)
Your spells are a little harder to cast, but a little more powerful.
Potions and wands are less effective at restoring your health.
You expend magic power (3 MP) to strengthen your wands.
[You tend to lose your temper in combat.]
[Your body sometimes deteriorates upon taking damage.]
[You are very frail (-20% HP).]
[Your magical capacity is low (-10% MP).]
[You are weak. (Str -2)]


Message History

You closely miss the chaos spawn.
You squeeze the chaos spawn, but do no damage.
The chaos spawn is moderately wounded.
A starcursed mass splits.
A starcursed mass splits.
A lich comes into view.
A chorus of shrieks assaults your mind.
A starcursed mass splits.
The lich shouts!
The lich gestures wildly while chanting.
The lich flickers and vanishes!
Deactivating autopickup; reactivate with Ctrl-A.
The chaos spawn misses you.
You hear some strange, mumbled words.
A fireball appears from out of thin air!
The fireball explodes!
The fireball engulfs you!
Ouch! That really hurt!
You die...
Xom bursts into laughter!
Fedhas appreciates your contribution to the ecosystem.

# ## ##### ## .... .
.. ..# ########.## #..
#...# ..# #.# ...
##..# #..# #.
###.#..#######...## .#
...X.X.....3.@....# #
...X..X....[..........
#.. ........{......#..
#§ #...##....#.#...#
###.##....##.##§#.§ #
#...##.###.##. #. .#
#. ####.§..# ## .. )#
# ## ## .# #.. # . .
#.


You could see a chaos spawn.

Vanquished Creatures
  Rupert (D:13)
  Donald (D:13)
  Maud (D:13)
  2 orc warlords (Orc:4)
  Azrael (Orc:4)
  Erolcha (D:8)
  9 hydras
  4 centaur warriors
  4 catoblepae (Lair:8)
  12 death yaks (Lair:8)
  4 orc high priests (Orc:4)
  Sonja (Lair:2)
  A wretched star (Abyss:1)
  2 unseen horrors
  A skeletal warrior (D:13)
  A swamp dragon (Lair:6)
  Pikel (D:8)
  A hill giant (D:12)
  A shining eye (shapeshifter) (D:13)
  3 orc sorcerers (Orc:4)
  3 ugly things
  4 orc knights
  A griffon (Lair:7)
  A centaur zombie (D:11)
  2 manticores
  An eye of devastation (Lair:8)
  Psyche (D:8)
  A gargoyle (D:12)
  15 spiny frogs
  3 centaur skeletons
  6 komodo dragons
  The ghost of M4edhros the Covert, a novice OpAr (D:5)
  An ancient zyme (Abyss:1)
  A giant leech (Lair:4)
  4 fire drakes
  7 trolls
  2 large abominations (Abyss:1)
  6 slime creatures
  A wind drake (shapeshifter) (D:13)
  3 raiju (Abyss:1)
  13 blink frogs
  7 two-headed ogres
  A trapdoor spider (D:10)
  3 wraiths
  Sigmund (D:4)
  11 hippogriffs
  45 yaks
  A ynoxinul (Abyss:1)
  6 deep elf magi
  A fire elemental (Orc:4)
  Eustachio (D:5)
  A wyvern (D:10)
  15 humans
  5 wolves
  A hog (Lair:8)
  2 neqoxecs (Abyss:1)
  4 wargs
  A mottled dragon (D:13)
  10 porcupines
  3 hungry ghosts
  2 swamp worms
  3 hell hounds
  10 water moccasins
  3 black bears
  A soldier ant (D:11)
  2 eyes of draining
  4 ice beasts
  A slave (D:8)
  A black bear (shapeshifter) (D:12)
  5 spiders (Lair:6)
  39 orc warriors
  3 phantoms
  14 ogres
  8 centaurs
  13 crocodiles
  A brain worm (shapeshifter) (Lair:1)
  12 giant frogs
  A wyvern zombie (D:13)
  5 big kobolds
  2 wyvern skeletons
  7 scorpions
  8 killer bees
  2 small abominations (Abyss:1)
  7 wights
  2 vampire bats (D:7)
  3 crimson imps
  11 hounds
  3 jellies
  38 orc priests
  Ijyb (D:2)
  3 giant frog skeletons
  A gnoll shaman (D:5)
  Terence (D:3)
  34 orc wizards
  11 iguanas
  A quasit (Abyss:1)
  7 worker ants
  A killer bee zombie (D:8)
  31 sheep
  A hound zombie (D:11)
  A hound skeleton (D:7)
  10 gnolls
  56 river rats
  19 adders
  3 shadow imps
  An ooze (D:4)
  An adder skeleton (D:4)
  2 worms (D:2)
  8 giant geckos
  212 orcs
  3 ball pythons
  3 bat skeletons (D:7)
  A bat zombie (D:7)
  15 goblins
  14 hobgoblins
  27 kobolds
  8 quokkas
  6 bats
  3 giant cockroaches
  5 giant newts
  A quokka skeleton (D:5)
  17 rats
  7 ballistomycetes (Orc:4)
  6 giant spores
980 creatures vanquished.

Vanquished Creatures (collateral kills)
  Kirke (Lair:8)
  Nessos (Lair:5)
  Josephine (Lair:5)
  A death yak (Lair:8)
  Urug (Lair:2)
  A hill giant (D:11)
  An ugly thing (D:13)
  Joseph (D:9)
  A torpor snail (Lair:8)
  A spiny frog (Lair:8)
  A raiju (Abyss:1)
  A blink frog (Lair:1)
  2 wraiths (Lair:5)
  A vampire mosquito (D:13)
  12 yaks
  A deep elf mage (D:9)
  2 hogs (Lair:8)
  A fire elemental (Orc:4)
  A human (D:13)
  A hippogriff (D:13)
  A soldier ant (D:11)
  4 wolves (Lair:2)
  3 orc warriors
  A wandering mushroom (Lair:8)
  A porcupine (Lair:2)
  A swamp drake (Lair:6)
  A centaur (D:13)
  A hell hound (Orc:4)
  2 slaves (D:8)
  A phantom (D:6)
  A crocodile (Lair:1)
  A big kobold (D:13)
  A giant frog (Lair:2)
  A killer bee (D:13)
  2 crimson imps
  4 orc wizards
  An orc priest (D:11)
  An iguana (Lair:2)
  9 sheep
  7 river rats
  24 orcs
  4 kobolds (D:13)
  14 giant spores
  11 hyperactive ballistomycetes
  3 toadstools
133 creatures vanquished.

Vanquished Creatures (others)
  An oklob plant (Lair:8)
  A hydra (Lair:5)
  A lindwurm (Lair:8)
  A wolf (Lair:2)
  A trapdoor spider zombie (D:13)
  A yak (Lair:2)
  A hell hound (Abyss:1)
  An orc warrior (Orc:4)
  A killer bee (D:8)
  A hound (D:7)
  A hound zombie (D:7)
  34 wandering mushrooms
  An orc (Orc:4)
  20 ballistomycetes
  42 fungi
  5 giant spores
  A hyperactive ballistomycete (Lair:8)
  A lurking horror (Abyss:1)
  35 plants
  815 toadstools
965 creatures vanquished.

Grand Total: 2078 creatures vanquished

Notes
Turn   | Place    | Note
--------------------------------------------------------------
     0 | D:1      | M4edhros the Octopode Artificer began the quest for the Orb.
     0 | D:1      | Reached XP level 1. HP: 13/13 MP: 3/3
    90 | D:1      | Reached XP level 2. HP: 12/18 MP: 4/4
   547 | D:1      | Reached XP level 3. HP: 17/23 MP: 5/5
  1072 | D:2      | Reached skill level 4 in Evocations
  1445 | D:2      | Reached XP level 4. HP: 24/28 MP: 7/7
  1459 | D:2      | Found a radiant altar of Vehumet.
  1461 | D:2      | Noticed Ijyb
  1761 | D:3      | Reached skill level 5 in Stealth
  1761 | D:3      | Reached XP level 5. HP: 33/33 MP: 8/8
  1881 | D:3      | Noticed Terence
  1888 | D:3      | Killed Terence
  1888 | D:3      | Reached skill level 5 in Evocations
  1943 | D:4      | Reached skill level 6 in Stealth
  2199 | D:4      | Found a shimmering altar of Xom.
  2203 | D:4      | Reached XP level 6. HP: 34/38 MP: 10/10
  2208 | D:4      | Noticed Sigmund
  2216 | D:4      | Killed Sigmund
  2216 | D:4      | Reached skill level 7 in Stealth
  2221 | D:4      | Became a worshipper of Xom of Chaos
  2318 | D:5      | Entered Level 5 of the Dungeon
  2324 | D:5      | Found a sparkling altar of Nemelex Xobeh.
  2333 | D:5      | Noticed Eustachio
  2345 | D:5      | Killed Eustachio
  2345 | D:5      | Reached XP level 7. HP: 31/43 MP: 11/11
  2349 | D:5      | Found a sparkling altar of Nemelex Xobeh.
  2378 | D:5      | Noticed M4edhros's ghost (novice OpAr)
  2382 | D:5      | XOM: potion effect (haste)
  2394 | D:5      | Killed M4edhros's ghost
  2394 | D:5      | Reached skill level 8 in Stealth
  2439 | D:5      | XOM: potion effect (invisibility)
  2444 | D:5      | Reached XP level 8. HP: 43/48 MP: 13/13
  2453 | D:5      | Reached skill level 9 in Stealth
  2483 | D:5      | XOM: silly message
  2523 | D:5      | Found an opulent altar of Gozag.
  2526 | D:5      | Found a staircase to the Ecumenical Temple.
  2741 | D:5      | XOM: cast spell 'Statue Form'
  2833 | D:5      | XOM: butterfly on damage
  3297 | D:5      | XOM: divination: detect creatures
  3311 | D:5      | XOM: silly message
  3320 | D:5      | Reached skill level 10 in Stealth
  3536 | D:6      | Found a deep blue altar of Sif Muna.
  3539 | D:6      | XOM: polymorph orc -> rat
  3600 | D:6      | XOM: summons friendly shadow imp
  3691 | D:6      | XOM: harmless Chrm miscast
  3695 | D:6      | XOM: summons 3 friendly demons
  3709 | D:6      | XOM: enchant monster (bad)
  3711 | D:6      | Xom revived you
  3730 | D:5      | XOM: harmless Ice miscast
  3741 | Temple   | Entered the Ecumenical Temple
  4364 | D:6      | Identified Sif Muna's Volume of Bewitchment
  4397 | D:6      | XOM: mild Ice miscast
  4409 | D:6      | XOM: cast spell 'Blink'
  4574 | D:6      | XOM: divination: detect creatures
  4577 | D:6      | Reached skill level 11 in Stealth
  4680 | D:6      | Reached XP level 9. HP: 46/53 MP: 15/15
  4969 | D:7      | XOM: colour smoke trail
  4991 | D:7      | XOM: butterfly on damage
  5101 | D:7      | XOM: harmless Erth miscast
  5106 | D:7      | Found a snail-covered altar of Cheibriados.
  5120 | D:7      | XOM: confuse monster(s)
  5319 | D:7      | XOM: noise
  5448 | D:7      | Found an ancient bone altar of Kikubaaqudgha.
  5449 | D:7      | Reached skill level 1 in Shields
  5449 | D:7      | XOM: divination: detect creatures
  5451 | D:7      | Reached skill level 1 in Slings
  5476 | D:7      | HP: 1/53 [hungry ghost (5)]
  5491 | D:7      | XOM: cast spell 'Statue Form'
  5531 | D:7      | Reached skill level 12 in Stealth
  5777 | D:7      | XOM: god gift: glowing quick blade {god gift}
  6000 | D:7      | XOM: vitrification
  6269 | D:7      | XOM: divination: detect creatures
  6350 | D:8      | XOM: potion effect (curing)
  6358 | D:8      | Reached skill level 10 in Evocations
  6366 | D:8      | Found Jisi Kugh's Gadget Shoppe.
  6630 | D:8      | Found a staircase to the Lair.
  6759 | D:4      | Noticed an ogre
  6766 | D:4      | Killed an ogre
  6961 | D:4      | XOM: colour smoke trail
  7024 | D:4      | XOM: medium Trmt miscast
  7092 | D:4      | XOM: medium Hex miscast
  7200 | D:4      | XOM: harmless Tloc miscast
  7316 | D:3      | XOM: silly message
  7323 | D:3      | Reached XP level 10. HP: 58/58 MP: 17/17
  7339 | D:3      | XOM: god gift: robe {god gift}
  7438 | D:2      | XOM: divination: detect items
  7724 | D:2      | Found a stormy altar of Qazlal.
  7724 | D:2      | Found a blossoming altar of Fedhas.
  7727 | D:2      | Found a glowing golden altar of the Shining One.
  7728 | D:2      | Killed Ijyb
  7730 | D:2      | Found a white marble altar of Elyvilon.
  7733 | D:2      | Fell from the grace of Xom
  7733 | D:2      | Became a worshipper of Fedhas Madash
  7893 | D:1      | XOM: severe Tloc miscast
  7897 | D:2      | Gained mutation: You are clumsy. (Dex -2) [mutagenic glow]
  8139 | D:8      | Found a shadowy altar of Dithmenos.
  8160 | D:8      | Noticed Psyche
  8171 | D:8      | Killed Psyche
  8377 | D:8      | Reached skill level 1 in Spellcasting
  8468 | D:8      | XOM: mild Ice miscast
  8558 | D:8      | Found Keraoferha's Food Shoppe.
  8562 | D:8      | Bought 3 fruits for 54 gold pieces
  8928 | D:8      | Reached * piety under Fedhas
  9190 | D:8      | Noticed Pikel
  9197 | D:8      | Killed Pikel
  9197 | D:8      | Reached skill level 13 in Stealth
  9201 | D:8      | Noticed Erolcha
  9214 | D:8      | Killed Erolcha
  9270 | D:9      | Found Kostrioma's Distillery.
  9300 | D:9      | XOM: 5-stop teleportation journey
  9301 | D:9      | Found a shattered altar of Ashenzari.
  9321 | D:9      | Killed Joseph
  9444 | D:9      | XOM: medium Ice miscast
  9524 | D:9      | Reached skill level 5 in Shields
  9584 | D:9      | XOM: summons 3 hostile shadow creatures
  9861 | D:9      | Found a bloodstained altar of Trog.
 10043 | D:10     | Entered Level 10 of the Dungeon
 10128 | D:10     | Reached XP level 11. HP: 44/63 MP: 18/18
 10203 | D:10     | Got a translucent hand axe
 10204 | D:10     | Identified the +1 hand axe of Jiegofoth {chop, rPois Int+2 Dex+4} (You found it on level 10 of the Dungeon)
 10242 | D:10     | Reached skill level 5 in Short Blades
 10291 | D:10     | HP: 3/63 [komodo dragon (22)]
 10855 | Lair:1   | Entered Level 1 of the Lair of Beasts
 11060 | Lair:1   | Noticed a seven-headed hydra
 11098 | Lair:1   | XOM: polymorph porcupine -> brain worm
 11138 | Lair:1   | XOM: mild Air miscast
 11176 | Lair:1   | Reached skill level 14 in Stealth
 11426 | Lair:1   | XOM: scenery: 1 doors open
 11988 | Lair:2   | Noticed a five-headed hydra
 12071 | Lair:2   | HP: 2/63 [five-headed hydra (8)]
 12077 | Lair:2   | Killed a five-headed hydra
 12078 | Lair:2   | Reached ** piety under Fedhas
 12430 | Lair:2   | Noticed Sonja
 12436 | Lair:2   | Reached skill level 5 in Slings
 12442 | Lair:2   | Killed Sonja
 12442 | Lair:2   | Reached skill level 1 in Invocations
 12455 | Lair:2   | XOM: noise
 12919 | Lair:2   | Noticed Urug
 12951 | Lair:2   | Killed Urug
 12951 | Lair:2   | Reached XP level 12. HP: 37/68 MP: 19/19
 13157 | Lair:2   | XOM: medium Necr miscast
 13319 | Lair:2   | Noticed a five-headed hydra
 13323 | Lair:2   | Killed a five-headed hydra
 13480 | Lair:2   | Reached skill level 15 in Stealth
 13524 | Lair:2   | Reached skill level 5 in Dodging
 13892 | Lair:3   | XOM: noise
 14319 | Lair:3   | XOM: medium Pois miscast
 14529 | Lair:3   | XOM: noise
 14645 | Lair:4   | XOM: mild Pois miscast
 14924 | Lair:4   | Reached *** piety under Fedhas
 15087 | Lair:3   | XOM: mild Summ miscast
 15154 | Lair:3   | XOM: mild Erth miscast
 15410 | Lair:4   | Found a staircase to the Swamp.
 15734 | Lair:4   | XOM: mild Air miscast
 15830 | Lair:5   | Gained mutation: You expend magic power (3 MP) to strengthen your wands. [potion of mutation]
 15830 | Lair:5   | Gained mutation: [Your magical capacity is low (-10% MP).] [potion of mutation]
 15830 | Lair:5   | Gained mutation: You are partially covered in rugged brown scales (AC +1, +3% HP). [potion of mutation]
 15846 | Lair:5   | XOM: mild Erth miscast
 15874 | Lair:5   | Noticed Nessos
 15877 | Lair:5   | XOM: mild Divn miscast
 15916 | Lair:5   | Killed Nessos
 16106 | Lair:5   | XOM: medium Erth miscast
 16296 | Lair:5   | XOM: noise
 16300 | Lair:5   | Noticed a six-headed hydra
 16303 | Lair:5   | Noticed Josephine
 16309 | Lair:5   | Killed Josephine
 16314 | Lair:5   | a six-headed hydra (ally) was killed
 16501 | Lair:5   | XOM: noise
 16619 | Lair:6   | Noticed an eight-headed hydra
 16629 | Lair:6   | Killed an eight-headed hydra
 16629 | Lair:6   | Reached XP level 13. HP: 56/74 MP: 18/18
 16641 | Lair:6   | Reached **** piety under Fedhas
 16645 | Lair:6   | XOM: harmless Air miscast
 16873 | Lair:6   | XOM: mild Chrm miscast
 16914 | Lair:6   | Found a hole to the Spider Nest.
 17076 | Lair:6   | Reached skill level 5 in Invocations
 17194 | Lair:6   | XOM: medium Ice miscast
 17278 | Lair:6   | Noticed a four-headed hydra
 17547 | Lair:6   | XOM: cast spell 'Statue Form'
 17547 | Lair:6   | Was forgiven by Xom
 17707 | Lair:7   | Reached ***** piety under Fedhas
 17858 | Lair:7   | Reached skill level 16 in Stealth
 18009 | Lair:7   | Reached skill level 5 in Spellcasting
 18333 | Lair:8   | Entered Level 8 of the Lair of Beasts
 18768 | Lair:8   | Found a staircase to the Slime Pits.
 19018 | Lair:8   | Noticed Kirke
 19095 | Lair:8   | Killed Kirke
 19606 | Lair:8   | Reached XP level 14. HP: 72/83 MP: 19/19
 19714 | Lair:8   | Reached skill level 17 in Stealth
 19714 | Lair:8   | Reached skill level 10 in Shields
 20943 | D:10     | Found a staircase to the Orcish Mines.
 20977 | Orc:1    | Entered Level 1 of the Orcish Mines
 20993 | Orc:1    | Found Deorech's Assorted Antiques.
 21546 | Orc:2    | Found a roughly hewn altar of Beogh.
 21597 | Orc:3    | Found a roughly hewn altar of Beogh.
 22699 | Orc:2    | Reached ****** piety under Fedhas
 22900 | Orc:4    | Entered Level 4 of the Orcish Mines
 23351 | Orc:4    | Noticed Azrael
 23358 | Orc:4    | Killed Azrael
 23787 | Orc:4    | Found a staircase to the Elven Halls.
 23836 | Orc:4    | Noticed an orc warlord
 23953 | Orc:4    | Killed an orc warlord
 24220 | Orc:4    | Noticed an orc warlord
 24235 | Orc:4    | Killed an orc warlord
 24512 | Orc:4    | Found a roughly hewn altar of Beogh.
 24648 | Orc:4    | Found Ymon's Food Shop.
 24684 | Orc:4    | Bought 3 fruits for 58 gold pieces
 24734 | Orc:4    | Reached skill level 18 in Stealth
 24860 | Orc:4    | Found Durchaot's Book Boutique.
 25103 | Orc:4    | Reached XP level 15. HP: 93/93 MP: 20/20
 25184 | Orc:4    | Found Qazaong's Weapon Emporium.
 25194 | Orc:4    | Found Agamuom's General Store.
 25217 | Orc:4    | Reached skill level 5 in Fighting
 25240 | Orc:4    | Found a roughly hewn altar of Beogh.
 25634 | D:9      | Bought a potion of might for 48 gold pieces
 25634 | D:9      | Bought a potion of agility for 48 gold pieces
 25634 | D:9      | Bought a potion of flight for 36 gold pieces
 25942 | Orc:4    | Bought a book of Necromancy for 540 gold pieces
 25946 | Orc:4    | Learned a level 3 spell: Regeneration
 25946 | Orc:4    | Bought a book of Clouds for 810 gold pieces
 25965 | Orc:4    | Learned a level 3 spell: Mephitic Cloud
 26250 | D:11     | Found a flagged portal.
 26369 | Bailey   | Entered a bailey
 26597 | Bailey   | Reached skill level 1 in Air Magic
 26735 | Bailey   | Got an ichor-stained quarterstaff
 26740 | Bailey   | Identified the +2 quarterstaff of Wekajih {venom, Str+2} (You found it in a bailey)
 26838 | D:11     | Reached skill level 1 in Poison Magic
 26874 | D:11     | Reached skill level 1 in Necromancy
 26879 | D:11     | Reached skill level 1 in Conjurations
 27430 | D:12     | Found Amiaxef's Weapon Emporium.
 27655 | D:12     | Got a brightly glowing copper ring
 27734 | D:12     | Reached skill level 1 in Charms
 28185 | D:12     | Identified the Almanac of Translocation
 28266 | D:13     | Found a gate to the Vaults.
 28266 | D:13     | Noticed Rupert
 28266 | D:13     | Noticed Donald
 28329 | D:13     | Identified a scroll of acquirement
 28332 | D:13     | Identified a +3 rod of clouds (14/14) (You acquired it on level 13 of the Dungeon)
 28573 | D:13     | Noticed Maud
 28613 | D:13     | Killed Maud
 28797 | D:13     | Gained mutation: Your spells are a little harder to cast, but a little more powerful. [mutagenic meat]
 28798 | D:13     | Gained mutation: Scrolls take you a little longer to read. [mutagenic meat]
 28807 | D:13     | Got a polished mace
 29220 | D:13     | Lost mutation: Scrolls take you a little longer to read. [mutagenic meat]
 29267 | D:13     | Killed Donald
 29272 | D:13     | Killed Rupert
 29443 | D:13     | Gained mutation: [You are frail (-10% HP).] [a shining eye]
 29500 | D:13     | Lost mutation: [Your magical capacity is low (-10% MP).] [potion of mutation]
 29717 | D:14     | Noticed Louise
 29720 | D:14     | Cast into the Abyss (Louise)
 30025 | Abyss:1  | Found a corrupted altar of Lugonu.
 30086 | Abyss:1  | Got an iridescent long sword
 30269 | Abyss:1  | Gained mutation: Potions and wands are less effective at restoring your health. [a neqoxec]
 30424 | Abyss:1  | Paralysed by a chaos spawn for 4 turns
 30433 | Abyss:1  | Noticed a lich
 30436 | Abyss:1  | Killed from afar by a lich

Action                   |  1- 3 |  4- 6 |  7- 9 | 10-12 | 13-15 || total
-------------------------+-------+-------+-------+-------+-------++-------
Melee: Short sword       |    88 |     9 |       |       |       ||    97
       Dagger            |       |    59 |    71 |       |       ||   130
       Spear             |       |       |    17 |       |       ||    17
       Quick blade       |       |       |    89 |   549 |  1637 ||  2275
 Fire: Hunting sling     |       |       |    79 |    33 |   395 ||   507
 Cast: Regeneration      |       |       |       |       |     8 ||     8
       Mephitic Cloud    |       |       |       |       |     1 ||     1
Invok: Evolution         |       |       |       |    21 |    38 ||    59
       Sunlight          |       |       |       |     1 |     3 ||     4
       Reproduction      |       |       |       |       |    14 ||    14
       Rain              |       |       |       |       |     3 ||     3
Evoke: Wand              |     2 |    10 |    37 |     9 |    41 ||    99
       Phial of floods   |       |       |       |       |     1 ||     1
  Use: Potion            |       |     4 |     5 |     8 |     8 ||    25
       Scroll            |       |       |    15 |    15 |    13 ||    43
 Stab: Sleeping          |     4 |    14 |    14 |    68 |    86 ||   186
       Invisible         |       |       |     3 |       |       ||     3
       Distracted        |       |       |     1 |     3 |    10 ||    14
       Confused          |       |       |       |     7 |    14 ||    21
       Paralysed         |       |       |       |     1 |     7 ||     8
  Eat: Chunk             |     1 |     4 |     4 |     3 |     9 ||    21
       Bread ration      |       |       |     4 |     1 |     3 ||     8
       Beef jerky        |       |       |     2 |     1 |     1 ||     4
       Royal jelly       |       |       |     1 |     1 |       ||     2
       Meat ration       |       |       |       |     4 |     5 ||     9
       Pizza             |       |       |       |     1 |       ||     1
